AoeStats
← saiko

Lombardia

509514438Analyzed
3v3 RM · 4d ago on Sep 27, 2026· 65m 36s· 6 players
Game mode
Random Map
Map size
Normal (6 player)
Population
200
Speed
Normal
Resources
Standard
Victory
Conquest
Starting age
Dark Age
Ending age
Imperial Age
RankedLock teamsTeams togetherTeam positionsShared explorationLock speedFull tech treeHidden civsTurbo modeCheats
Victory
Defeat
🇨🇦 Khmer · Canada
1058
+14
🇺🇸 Hindustanis · United States
995
+17
🇺🇸 Magyars · United States
904
+20
🇧🇷 Hindustanis · Brazil
1075
-19
🇧🇷 Franks · Brazil
996
-17
🇧🇷 Ethiopians · Brazil
956
-15
Battering_Rama!
10:43 Feudal Age
9:00 Loom
10:55 Man-at-Arms
17:20 Fletching
17:31 Padded Archer Armor
19:29 Horse Collar
19:38 Double-Bit Axe
21:28 Forging
24:39 Castle Age
23:58 Gold Mining
24:54 Crossbowman
25:33 Bodkin Arrow
26:27 Bow Saw
26:30 Thumb Ring
27:04 Squires
28:25 Leather Archer Armor
34:35 Wheelbarrow
37:54 Imperial Age
36:48 Forging
36:39 Scale Mail Armor
38:23 Arbalester
38:58 Halberdier
40:26 Hand Cart
46:32 Arson
48:42 Long Swordsman
52:31 Two-Man Saw
52:34 Elite Skirmisher
54:19 Chemistry
53:44 Ballistics
54:58 Iron Casting
54:39 Chain Mail Armor
55:17 Onager
61:34 Plate Mail Armor
62:06 Blast Furnace
64:49 Siege Onager
Jabutinhoso
8:28 Loom
10:50 Feudal Age
14:31 Double-Bit Axe
22:13 Castle Age
20:46 Gold Mining
21:58 Fletching
22:11 Padded Archer Armor
24:03 Wheelbarrow
23:40 Bow Saw
23:10 Elite Skirmisher
28:03 Leather Archer Armor
28:59 Bodkin Arrow
31:50 Forging
31:49 Scale Barding Armor
37:44 Imperial Age
41:31 Fortified Wall
44:40 Ballistics
46:06 Iron Casting
45:52 Chain Barding Armor
46:06 Cavalier
46:46 Husbandry
47:50 Blast Furnace
47:32 Paladin
48:51 Plate Barding Armor
63:45 Hand Cart
Fernaodomal
10:16 Loom
12:35 Feudal Age
17:28 Castle Age
15:32 Double-Bit Axe
15:47 Horse Collar
17:56 Forging
19:04 Bow Saw
20:11 Wheelbarrow
21:42 Scale Barding Armor
23:53 Heavy Plow
29:23 Imperial Age
28:44 Bloodlines
29:17 Iron Casting
31:41 Chemistry
31:36 Shatagni
31:29 Heavy Camel Rider
35:48 Blast Furnace
35:35 Imperial Camel Rider
45:37 Onager
47:17 Chain Barding Armor
49:22 Block Printing
49:36 Caravan
HammeredLad
9:25 Loom
11:51 Feudal Age
12:47 Double-Bit Axe
12:56 Town Watch
17:45 Fletching
17:57 Padded Archer Armor
17:52 Horse Collar
21:54 Castle Age
20:55 Scale Barding Armor
21:18 Bloodlines
22:42 Bodkin Arrow
23:03 Leather Archer Armor
23:40 Husbandry
28:44 Heavy Plow
29:41 Gold Mining
31:21 Chain Barding Armor
34:07 Thumb Ring
38:56 Ballistics
39:16 Light Cavalry
49:16 Corvinian Army
52:35 Imperial Age
54:59 Chemistry
54:39 Parthian Tactics
57:37 Hussar
57:57 Elite Magyar Huszar
61:50 Bow Saw
saiko
9:38 Loom
11:57 Feudal Age
15:31 Fletching
18:05 Castle Age
15:55 Double-Bit Axe
17:53 Horse Collar
19:10 Bow Saw
22:03 Heavy Plow
21:56 Gold Mining
24:55 Stone Mining
29:51 Stone Shaft Mining
29:52 Gold Shaft Mining
31:26 Scale Barding Armor
32:01 Wheelbarrow
33:57 Imperial Age
31:53 Bloodlines
31:48 Husbandry
33:16 Hand Cart
32:44 Light Cavalry
34:14 Ballistics
34:18 Chain Barding Armor
34:10 Forging
36:51 Chemistry
36:22 Hussar
37:43 Conscription
38:21 Siege Engineers
39:04 Plate Barding Armor
39:17 Iron Casting
38:37 Elite Ballista Elephant
40:37 Double Crossbow
48:02 Heavy Scorpion
50:35 Murder Holes
50:51 Masonry
54:43 Blast Furnace
53:38 Bodkin Arrow
56:33 Capped Ram
DigitalTwelve
10:55 Feudal Age
13:21 Loom
16:51 Castle Age
16:00 Double-Bit Axe
16:45 Horse Collar
17:47 Loom
18:38 Scale Barding Armor
18:59 Forging
23:52 Bloodlines
26:21 Wheelbarrow
25:45 Fletching
26:51 Husbandry
27:55 Chain Barding Armor
29:08 Gold Mining
29:09 Stone Mining
31:18 Hand Cart
32:01 Iron Casting
31:28 Scale Mail Armor
32:46 Bodkin Arrow
32:51 Padded Archer Armor
33:37 Thumb Ring
32:53 Elite Skirmisher
34:02 Bow Saw
35:57 Gold Shaft Mining
38:25 Imperial Age
38:51 Leather Archer Armor
39:47 Plate Barding Armor
40:05 Grand Trunk Road
41:21 Blast Furnace
40:58 Ballistics
41:49 Chemistry
41:24 Bracer
41:55 Ring Archer Armor
43:59 Two-Man Saw
42:34 Heavy Camel Rider
43:41 Conscription
44:41 Imperial Camel Rider
53:40 Caravan
Connection lost

Rejoining the realm…

Still unreachable

The connection could not be restored.

Session expired

The server has moved on; the page needs a fresh start.